 Dungeon Crawl Stone Soup version 0.31-a0-845-g9abc20d24f (webtiles) character file.

Game seed: 11482022442660786070

1530 BinkBink the Skirmisher (level 8, -7/50 HPs)
             Began as a Deep Elf Hunter on Oct 1, 2023.
             Was a Priest of Okawaru.
             Mangled by a hornet (10 damage)
             ... while paralysed by a hornet
             ... on level 6 of the Dungeon.
             The game lasted 00:10:18 (5395 turns).

BinkBink the Skirmisher (Deep Elf Hunter)           Turns: 5395, Time: 00:10:19

Health: -7/50      AC:  0    Str: 11    XL:     8   Next: 55%
Magic:  10/10      EV:  2    Int: 17    God:    Okawaru [***...]
Gold:   318        SH:  0    Dex: 26    Spells: 7/7 levels left

rFire   . . .        v - +2 sling (drain)
rCold   . . .        (no shield)
rNeg    + + .        (no body armour)
rPois   +            (no helmet)
rElec   .            d - scarf of Unambiguity {shadows, rPois rN+ Str+3 Int+2}
rCorr   .            (no gloves)
SInv    .            (no boots)
Will    .....        (no amulet)
Stlth   ++           y - +6 ring of dexterity
HPRegen 0.28/turn    A - ring of positive energy
MPRegen 0.12/turn

%: no passive effects
@: paralysed, slowed
A: no striking features
a: Renounce Religion, Heroism


You were on level 6 of the Dungeon.
You worshipped Okawaru.
Okawaru was most pleased with you.
You visited 2 branches of the dungeon, and saw 8 of its levels.
You also visited: Sewer.

You collected 318 gold pieces.

Inventory:

Hand Weapons
 a - a +0 shortbow
 s - the +6 hand axe "Faliah" {venom, *Noise rC+ rN+ Dex+3 SInv}
   (You found it on level 3 of the Dungeon)

   Dex+3:     It affects your dexterity (+3).
   rC+:       It protects you from cold.
   rN+:       It protects you from negative energy.
   SInv:      It lets you see invisible.
   *Noise:    It may make a loud noise when swung.
 t - the +9 rapier of Kindness {protect, Str+3 Int+4 Stlth+}
   (You found it on level 3 of the Dungeon)

   Str+3:     It affects your strength (+3).
   Int+4:     It affects your intelligence (+4).
   Stlth+:    It makes you more stealthy.
 v - a +2 sling of draining (weapon)
Armour
 d - the scarf of Unambiguity (worn) {shadows, rPois rN+ Str+3 Int+2}
   (You acquired it on level 6 of the Dungeon)

   Str+3:     It affects your strength (+3).
   Int+2:     It affects your intelligence (+2).
   rPois:     It protects you from poison rN+: It protects you from negative
   energy.
Jewellery
 y - a +6 ring of dexterity (left hand)
 A - a ring of positive energy (right hand)
 B - a ring of ice
Wands
 n - a wand of flame (16)
 x - a wand of mindburst (9)
Scrolls
 b - a scroll of butterflies
 c - a scroll of brand weapon
 e - 3 scrolls of revelation
 f - 3 scrolls of immolation
 k - a scroll of enchant weapon {unknown}
 q - a scroll of blinking
Potions
 g - 4 potions of resistance {unknown}
 h - 2 potions of heal wounds
 i - a potion of mutation {unknown}
 j - 5 potions of attraction {unknown}
 l - 2 potions of enlightenment {unknown}
 o - a potion of haste
 r - 2 potions of magic {unknown}
 u - a potion of might {unknown}
 w - 2 potions of curing {unknown}
 z - a potion of invisibility {unknown}
 C - a potion of brilliance {unknown}


   Skills:
 + Level 5.4 Fighting
 * Level 12.5 Ranged Weapons
 - Level 2.4 Dodging
 - Level 1.2 Stealth


You had 7 spell levels left.
You didn't know any spells.
Your spell library contained the following spells:

 Spells                   Type           Power      Damage    Failure   Level
 Sting                    Tmut/Pois      0%         1d3       24%         1
 Poisonous Vapours        Pois/Air       0%         N/A       34%         2
 Sigil of Binding         Hex            0%         N/A       56%         3
 Dimensional Bullseye     Hex/Tloc       0%         N/A       93%         4
 Leda's Liquefaction      Hex/Erth       0%         N/A       93%         4
 Olgreb's Toxic Radiance  Pois           0%         N/A       93%         4
 Passage of Golubria      Tloc           0%         N/A       93%         4
 Yara's Violent Unravell  Hex/Tmut       0%         3d3       100%        5
 Call Canine Familiar     Summ           Unusable   N/A       N/A         3
 Tukima's Dance           Hex            Unusable   N/A       N/A         3

Dungeon Overview and Level Annotations

Branches:
Dungeon (7/15)             Temple (1/1) D:4           Sewer (visited)

Altars:
Ashenzari
Cheibriados
Dithmenos
Elyvilon
Fedhas
Hepliaklqana
Makhleb
Nemelex Xobeh
Okawaru
Qazlal
Sif Muna
Trog
Uskayaw
Vehumet
Wu Jian
Xom
Yredelemnul
Zin
The Shining One

Shops:
D:4 :

Annotations:
D:5 Pikel


Message History

Press: ? - help, Q - select action, (/) - cycle Shift-Dir - straight line, f - hornet
Aim: a hornet (62% to hit)
You shoot a sling bullet.
The sling bullet barely misses the hornet.
The hornet completely misses you.
Fire: v) +2 sling (drain)
Press: ? - help, Q - select action, (/) - cycle Shift-Dir - straight line, f/p - hornet
Aim: a hornet (62% to hit)
You shoot a sling bullet.
The sling bullet hits the hornet but does no damage.
The hornet stings you.
* * * LOW HITPOINT WARNING * * *
Fire: v) +2 sling (drain)
Press: ? - help, Q - select action, (/) - cycle Shift-Dir - straight line, f/p - hornet
Aim: a hornet (62% to hit)
You shoot a sling bullet. The sling bullet hits the hornet!
You drain the hornet.
The hornet is severely wounded.
The hornet stings you.
* * * LOW HITPOINT WARNING * * *
Fire: v) +2 sling (drain)
Press: ? - help, Q - select action, (/) - cycle Shift-Dir - straight line, f/p - hornet
Aim: a hornet (severely wounded, lightly drained, 62% to hit)
Okay, then.
You feel much better. The hornet barely misses you.
The hornet closely misses you.
Fire: v) +2 sling (drain)
Press: ? - help, Q - select action, (/) - cycle Shift-Dir - straight line, f/p - hornet
Aim: a hornet (severely wounded, lightly drained, 62% to hit)
You shoot a sling bullet. The sling bullet misses the hornet.
The hornet stings you!
* * * LOW HITPOINT WARNING * * *
You suddenly lose the ability to move!
The hornet stings you.
* * * LOW HITPOINT WARNING * * *
You feel yourself slow down. The hornet stings you!
* * * LOW HITPOINT WARNING * * *
The hornet stings you!
You die...

.....##.##..##.#
#######.##.###.#
#.##.# #.#
#.##.###.# #
#........# ##
######.###.##
.####...#### #..##
.##.......## ##.y#
##.........## ##@#
#....≈≈≈....# #.#
#...≈≈≈≈≈...####.#
...≈≈...≈≈.....#.#
...≈≈.>.≈≈.......#
...≈≈..)≈≈.....###
#...≈≈≈≈≈...####
#....≈≈≈....#
##.........##


You could see a hornet (drained).

Vanquished Creatures
  Menkaure (D:6)
  2 water moccasins
  A sky beast (D:7)
  A black bear (D:6)
  2 ice beasts
  An ogre (D:5)
  2 phantoms
  Blork the orc (D:6)
  A gnoll sergeant (D:7)
  4 hounds
  2 orc priests
  2 iguanas (D:6)
  Ijyb (D:4)
  An orc wizard (D:5)
  5 gnolls (D:7)
  4 adders
  2 ufetubi
  3 worms
  3 dart slugs
  10 orcs
  11 ball pythons
  4 endoplasms
  4 giant cockroaches
  2 goblins (D:1)
  8 hobgoblins
  7 kobolds
  4 quokkas
  10 bats
  9 rats
  A butterfly (D:4)
109 creatures vanquished.

Notes
Turn   | Place    | Note
-------+----------+-------------------------------------------
     0 | D:1      | BinkBink the Deep Elf Hunter began the quest for the Orb.
     0 | D:1      | Reached XP level 1. HP: 12/12 MP: 3/3
   237 | D:1      | Reached XP level 2. HP: 17/17 MP: 4/4
   310 | D:1      | Reached skill level 6 in Ranged Weapons
   530 | D:1      | Reached XP level 3. HP: 21/21 MP: 5/5
   674 | D:2      | Found a faded altar of an unknown god.
  1270 | D:2      | Reached XP level 4. HP: 27/27 MP: 6/6
  1604 | D:3      | Found an iron altar of Okawaru.
  1612 | D:3      | Became a worshipper of Warmaster Okawaru
  1731 | D:3      | Found a glowing drain.
  1745 | D:3      | Reached skill level 7 in Ranged Weapons
  1759 | Sewer    | Entered a sewer
  1876 | Sewer    | Noticed a water moccasin
  1882 | Sewer    | Killed a water moccasin
  1883 | Sewer    | Reached skill level 8 in Ranged Weapons
  1883 | Sewer    | Reached XP level 5. HP: 29/32 MP: 7/7
  1947 | D:3      | Identified the +9 rapier of Kindness {protect, Str+3 Int+4
                  | Stlth+}
  2015 | D:3      | Identified the +6 hand axe "Faliah" {venom, *Noise rC+ rN+
                  | Dex+3 SInv}
  2392 | D:4      | Noticed a phantom
  2626 | D:4      | Killed a phantom
  2626 | D:4      | Reached * piety under Okawaru
  2627 | D:4      | Reached XP level 6. HP: 37/37 MP: 8/8
  2767 | D:4      | Found Dugiazes's Book Shop.
  2806 | D:4      | Found a staircase to the Ecumenical Temple.
  2860 | Temple   | Entered the Ecumenical Temple
  2919 | D:4      | Found a hazy altar of Hepliaklqana.
  2977 | D:4      | Noticed Ijyb
  2984 | D:4      | Killed Ijyb
  2985 | D:4      | Reached skill level 9 in Ranged Weapons
  3048 | D:5      | Entered Level 5 of the Dungeon
  3171 | D:5      | Identified the +3 scale mail "Demeonar" {rF+ Str+3}
  3211 | D:5      | Noticed an ice beast
  3218 | D:5      | Killed an ice beast
  3338 | D:5      | Reached XP level 7. HP: 42/42 MP: 9/9
  3523 | D:5      | Noticed Pikel
  3794 | D:5      | Reached ** piety under Okawaru
  3795 | D:5      | Reached skill level 10 in Ranged Weapons
  3942 | D:6      | Noticed Menkaure
  3949 | D:6      | Killed Menkaure
  4349 | D:6      | Reached skill level 11 in Ranged Weapons
  4349 | D:6      | Reached XP level 8. HP: 48/48 MP: 10/10
  4655 | D:6      | Noticed Blork the orc
  4660 | D:6      | Killed Blork the orc
  4667 | D:6      | Found a shimmering blue altar of Sif Muna.
  4858 | D:6      | Identified a scroll of acquirement
  4858 | D:6      | Acquired the scarf of Unambiguity {shadows, rPois rN+ Str+3
                  | Int+2}
  5062 | D:7      | Reached skill level 5 in Fighting
  5099 | D:7      | Reached skill level 12 in Ranged Weapons
  5099 | D:7      | Reached *** piety under Okawaru
  5355 | D:7      | Noticed a hornet
  5369 | D:7      | Paralysed by a hornet for 2 turns
  5393 | D:6      | Paralysed by a hornet for 3 turns
  5395 | D:6      | Mangled by a hornet

Illustrated notes

Levels and vault maps discovered:
D:1:      dpeg_cavernosity, layout_basic, minmay_misc_feat_four_crosses
D:2:      layout_basic, nicolae_ecumenical_oubliette
D:3:      layout_loops_cross, okawaru_metal_pillars_1_2, portal_sewer_entry_c
D:4:      layout_basic, lemuel_coloured_pillars_altar,
          minmay_temple_entry_butterflies, serial_shops,
          nicolae_shop_tiny_real_fake_doors, uniq_ijyb
D:5:      layout_loops_ring, uniq_pikel
D:6:      layout_loops_corners, tgw_sif, uniq_blork_the_orc, uniq_menkaure
D:7:      layout_loops_cross, nicolae_ru_path_of_blood, st_stairs_5,
          kennysheep_boxes
Temple:   compressed_dpeg_triangle_lava_temple

Skill      XL: |  1  2  3  4  5  6  7  8 |
---------------+-------------------------+-----
Fighting       | 2 3 4 5 |  5.4
Ranged Weapons | 6 8 9 11 12 | 12.5
Dodging        | |  2.4
Stealth        | |  1.2

Action                     |  1- 3 |  4- 6 |  7- 9 || total
---------------------------+-------+-------+-------++-------
   Fire: Shortbow          |   101 |    88 |       ||   189
         Sling             |       |    64 |   131 ||   195
    Use: Potion            |       |     3 |     2 ||     5
         Scroll            |       |       |    10 ||    10
 Armour: Skin              |    14 |    45 |    29 ||    88
  Dodge: Dodged            |    25 |    59 |    26 ||   110

Table legend: (Time is in decaauts)
 A = Elapsed time spent in this place.
 B = Non-inter-level travel time spent in this place.
 C = Inter-level travel time spent in this place.
 D = Time resting spent in this place.
 E = Time spent auto-exploring this place.
 F = Levels seen in this place.
 G = Mean time per level.
                   A        B        C        D        E       F      G
               +--------+--------+--------+--------+--------+-----+--------+
         Total |   5389 |   4872 |    517 |     64 |   4033 |   9 |  598.8 |
       Dungeon |   5208 |   4691 |    517 |     64 |   3896 |   7 |  744.0 |
        Temple |      1 |      1 |      0 |      0 |      0 |   1 |    1.0 |
         Sewer |    179 |    179 |      0 |      0 |    137 |   1 |  179.0 |
               +--------+--------+--------+--------+--------+-----+--------+

Top non-repeatable levels by time:
     D:6: 1219 daAuts
     D:2: 886 daAuts
     D:4: 791 daAuts
     D:5: 742 daAuts
     D:1: 719 daAuts
     D:3: 627 daAuts
     D:7: 221 daAuts
   Sewer: 179 daAuts
  Temple: 1 daAuts
